 Dungeon Crawl Stone Soup version 0.28-a0-1518-gbe868bca14 (webtiles) character file.

Game seed: 5802359958957959593

112 hashsling the Grave Robber (level 4, 8/36 HPs)
             Began as a Deep Dwarf Necromancer on Jan 16, 2022.
             Quit the game on level 3 of the Dungeon.
             The game lasted 00:13:16 (2794 turns).

hashsling the Grave Robber (Deep Dwarf Necromancer) Turns: 2794, Time: 00:13:17

Health: 8/36       AC:  3    Str: 12    XL:     4   Next: 63%
Magic:  0/7        EV: 12    Int: 17    God:
Gold:   113        SH:  4    Dex: 13    Spells: 2/7 levels left

rFire   . . .      SeeInvis .   g - +0 hand axe
rCold   . . .      Faith    .   e - +0 buckler
rNeg    . . .      Spirit   .   q - +0 animal skin
rPois   .          Reflect  .   (no helmet)
rElec   .          Harm     .   (no cloak)
rCorr   .          Rampage  .   (no gloves)
Will    .....                   h - +0 pair of boots
Stlth   ++........              (no amulet)
HPRegen 0.00/turn               (no ring)
MPRegen 0.10/turn               (no ring)

@: no status effects
A: damage resistance, heal wounds, sense surroundings 1, no regeneration
a: Heal Wounds


You were on level 3 of the Dungeon.
You visited 1 branch of the dungeon, and saw 3 of its levels.

You collected 113 gold pieces.

Inventory:

Hand Weapons
 b - a +0 club
 c - a +0 short sword
 g - a +0 hand axe (weapon)
Missiles
 d - a throwing net
 n - 26 bolts
Armour
 a - a +0 robe
 e - a +0 buckler (worn)
 h - a +0 pair of boots (worn)
 q - a +0 animal skin (worn)
 r - a +1 helmet
Scrolls
 f - 2 scrolls of fog {unknown}
 j - 2 scrolls of identify {unknown}
 k - a scroll of amnesia {unknown}
 m - a scroll of holy word {unknown}
 o - 3 scrolls of enchant weapon {unknown}
Potions
 i - 3 potions of curing {unknown}
 l - a potion of might {unknown}
 p - a potion of brilliance {unknown}


   Skills:
 * Level 3.8 Dodging
 - Level 2.4 Stealth
 * Level 2.0 Shields
 + Level 2.3 Spellcasting
 + Level 4.8 Necromancy


You had 2 spell levels left.
You knew the following spells:

 Your Spells              Type           Power      Damage    Failure   Level
a - Pain                  Necr           72%        1d7       3%          1
b - Animate Skeleton      Necr           36%        N/A       3%          1
c - Vampiric Draining     Necr           18%        2d7       10%         3

Your spell library contained the following spells:

 Spells                   Type           Power      Damage    Failure   Level
 Animate Dead             Necr           9%         N/A       32%         4
 Dazzling Flash           Conj/Hex       4%         N/A       58%         3
 Agony                    Necr           18%        N/A       67%         5
 Silence                  Hex/Air        1%         N/A       100%        5


Dungeon Overview and Level Annotations

Branches:
Dungeon (3/15)

Altars:

Annotations:
D:3 Natasha


Innate Abilities, Weirdness & Mutations

You are resistant to damage.
You can heal yourself by infusing magical energy.
You passively map a small area around you.
You do not regenerate.


Message History

Your goblin skeleton barely misses the white imp.
Natasha claws you but does no damage.
The white imp hits your goblin skeleton.
Your goblin skeleton is destroyed!
Casting: Animate Skeleton (safe; 3% risk of failure)
Confirm with . or Enter, or press ? or * to list all spells.
Aiming: Pain (safe; 3% risk of failure)
Press: ? - help, Shift-Dir - straight line, f/p - Natasha
Aim: Natasha (heavily wounded, chance to affect: 76%) Natasha barely resists.
You feel yourself speed up. Natasha barely misses you.
Casting: Pain (safe; 3% risk of failure)
Confirm with . or Enter, or press ? or * to list all spells.
Aiming: Pain (safe; 3% risk of failure)
Press: ? - help, Shift-Dir - straight line, f/p - Natasha
Aim: Natasha (heavily wounded, chance to affect: 76%) Natasha writhes in agony.
Natasha completely misses you.
Casting: Pain (safe; 3% risk of failure)
Confirm with . or Enter, or press ? or * to list all spells.
Aiming: Pain (safe; 3% risk of failure)
Press: ? - help, Shift-Dir - straight line, f/p - Natasha
Aim: Natasha (severely wounded, chance to affect: 76%) Natasha writhes in agony.
Natasha completely misses you. The white imp hits you.
The white imp freezes you.
You closely miss Natasha.
Natasha is severely wounded.
You hit the white imp.
Natasha mumbles some strange words.
The white imp barely misses you. Natasha closely misses you.
The white imp gestures at you. The puff of frost hits you!
You barely miss Natasha.
Natasha is severely wounded.
You closely miss the white imp. Natasha closely misses you.
The crimson imp blinks!
The white imp gestures at you. The puff of frost hits you!
* * * LOW HITPOINT WARNING * * *
Are you sure you want to abandon this character and quit the game? (Confirm with "yes".)

#* * * ** # #. * , , # #.
###. * ######## ####. ...
* #......# ..##.##.#
#......### #..#....#
#........# ##.##o.##
##..$...#.#
##......#######.[.=<....#
#...........##.h@#####.##
..#####.......)5..####.#
## #.....<..........#
*#...?....>...#####
***#.............#
,...............##
###..#...#......#*
...######.####... ####
#.# *##.#


You could see Natasha and a white imp (summoned).

Vanquished Creatures
  Natasha (D:3)
  An adder (D:2)
  3 dart slugs
  4 orcs
  3 ball pythons
  3 endoplasms
  A giant cockroach (D:1)
  12 goblins
  8 hobgoblins
  6 bats
  3 frilled lizards (D:1)
  5 kobolds
  3 rats
53 creatures vanquished.

Vanquished Creatures (collateral kills)
  Robin (D:3)
  A goblin (D:3)
2 creatures vanquished.

Grand Total: 55 creatures vanquished

Notes
Turn   | Place    | Note
-------+----------+-------------------------------------------
     0 | D:1      | hashsling the Deep Dwarf Necromancer began the quest for
                  | the Orb.
     0 | D:1      | Reached XP level 1. HP: 15/15 MP: 3/3
    35 | D:1      | Learned a level 1 spell: Animate Skeleton
   313 | D:1      | Reached XP level 2. HP: 22/22 MP: 1/4
   798 | D:1      | Found a faded altar of an unknown god.
   929 | D:1      | Reached skill level 1 in Shields
   961 | D:1      | Reached XP level 3. HP: 28/28 MP: 4/6
  1293 | D:1      | Learned a level 3 spell: Vampiric Draining
  1981 | D:2      | Noticed a scorpion
  2204 | D:3      | Noticed Natasha
  2219 | D:3      | Killed Natasha
  2220 | D:3      | Reached XP level 4. HP: 23/36 MP: 0/7
  2243 | D:3      | Noticed Robin
  2613 | D:3      | Killed Robin
  2778 | D:3      | Noticed Natasha
  2794 | D:3      | Quit the game

Illustrated notes

Levels and vault maps discovered:
D:1:      erik_arrival_cave_to_civilisation [erik_arrival_cave_to_temple],
          layout_basic, hellmonk_ecumenical_altar_blasted, minivault_19
D:2:      layout_basic
D:3:      layout_rooms, uniq_robin, uniq_natasha, uniq_crazy_yiuf_cottage

Skill      XL: |  1  2  3  4 |
---------------+-------------+-----
Spellcasting   | 2 |  2.3
Dodging        | 3 |  3.8
Shields        | 1 2 |  2.0
Stealth        | |  2.4
Necromancy     | |  4.8

Action                   |  1- 3 |  4- 6 || total
-------------------------+-------+-------++-------
Melee: Unarmed           |     5 |       ||     5
       Club              |     1 |       ||     1
       Hand axe          |     4 |    16 ||    20
 Cast: Pain              |    60 |     8 ||    68
       Animate Skeleton  |     5 |     5 ||    10
       Vampiric Draining |     2 |    10 ||    12
Armor: Robe              |    11 |     1 ||    12
       Animal skin       |       |     3 ||     3
Dodge: Dodged            |    18 |    15 ||    33
Block: Buckler           |     3 |     2 ||     5

Table legend: (Time is in decaauts)
 A = Elapsed time spent in this place.
 B = Non-inter-level travel time spent in this place.
 C = Inter-level travel time spent in this place.
 D = Time resting spent in this place.
 E = Time spent auto-exploring this place.
 F = Levels seen in this place.
 G = Mean time per level.
                   A        B        C        D        E       F      G
               +--------+--------+--------+--------+--------+-----+--------+
         Total |   2809 |   2635 |    174 |    116 |   1818 |   3 |  936.3 |
       Dungeon |   2809 |   2635 |    174 |    116 |   1818 |   3 |  936.3 |
               +--------+--------+--------+--------+--------+-----+--------+

Top non-repeatable levels by time:
     D:1: 1432 daAuts
     D:2: 884 daAuts
     D:3: 491 daAuts
